 Dungeon Crawl Stone Soup version 0.28-a0-724-g66f9036eb4 (webtiles) character file.

Game seed: 2822547637807455464

105 mandarbmax the Cutter (level 5, -2/31 HPs)
             Began as a Kobold Brigand on Oct 26, 2021.
             Succumbed to a scorpion's poison
             ... on level 4 of the Dungeon.
             The game lasted 00:08:20 (4311 turns).

mandarbmax the Cutter (Kobold Brigand)              Turns: 4311, Time: 00:08:20

Health: -2/31      AC:  6    Str:  8    XL:     5   Next: 9%
Magic:  5/5        EV: 14    Int: 13    God:
Gold:   84         SH:  0    Dex: 17    Spells: 4/4 levels left

rFire   + . .      SeeInvis .   a - +2 dagger
rCold   . . .      Faith    .   (shield restricted)
rNeg    . . .      Spirit   .   u - +2 robe {rF+}
rPois   .          Reflect  .   r - +0 helmet
rElec   .          Harm     .   c - +0 cloak
rCorr   .          Rampage  .   (no gloves)
Will    .....                   (no boots)
Stlth   ++++......              (no amulet)
HPRegen 0.10/turn               (no ring)
MPRegen 0.09/turn               (no ring)

@: brilliant, lethally poisoned (-2 -> -15), attractive, flying
A: small, no large weapons, nightstalker 3
a: no special abilities


You were on level 4 of the Dungeon.
You visited 1 branch of the dungeon, and saw 4 of its levels.

You collected 176 gold pieces.
You spent 92 gold pieces at shops.

Inventory:

Hand Weapons
 a - a +2 dagger (weapon)
Missiles
 d - 20 poisoned darts (quivered)
 e - 2 curare-tipped darts
 j - 3 throwing nets
Armour
 b - a +0 robe
 c - a +0 cloak (worn)
 r - a +0 helmet (worn)
 u - a +2 robe of fire resistance (worn)
Jewellery
 g - a +6 ring of dexterity
Wands
 l - a wand of paralysis (7)
Scrolls
 f - 2 scrolls of teleportation {unknown}
 h - a scroll of holy word {unknown}
 i - a scroll of immolation {unknown}
 m - a scroll of fear {unknown}
 o - a scroll of noise {unknown}
 t - a scroll of identify {unknown}
Potions
 n - a potion of flight
 p - a potion of brilliance
 q - a potion of heal wounds {unknown}
 s - a potion of curing {unknown}


   Skills:
 + Level 2.5 Fighting
 - Level 6.0 Short Blades
 - Level 2.1 Throwing
 + Level 1.9 Dodging
 - Level 5.3 Stealth


You had 4 spell levels left.
You didn't know any spells.
Your spell library contained the following spells:

 Spells                   Type           Power      Damage    Failure   Level
 Corpse Rot               Necr/Air       0%         N/A       43%         2
 Poisonous Vapours        Pois/Air       0%         N/A       43%         2


Dungeon Overview and Level Annotations

Branches:
Dungeon (4/15)
 Temple: D:4-7

Altars:
Zin

Shops:
D:4 [


Innate Abilities, Weirdness & Mutations

You are small and have problems with some larger weapons.
You are completely attuned to the shadows.


Message History

You hit the endoplasm but do no damage.
The endoplasm is severely wounded.
The endoplasm barely misses you.
Unknown command.
Unknown command.
You hit the endoplasm.
You kill the endoplasm!
The scorpion completely misses you. The endoplasm barely misses you.
Unknown command.
You barely miss the scorpion. The scorpion stings you.
You are poisoned.
The scorpion poisons you!
Unknown command.
You closely miss the scorpion.
You feel sick. The endoplasm misses you. The scorpion barely misses you.
Unknown command.
You hit the scorpion but do no damage.
You feel sick.
The endoplasm hits you but does no damage.
The scorpion stings you!
* * * LOW HITPOINT WARNING * * *
You are lethally poisoned!
The scorpion poisons you!
Unknown command.
You are too injured to fight recklessly!
It was a potion of flight.
You feel very buoyant.
You fly up into the air.
* * * LOW HITPOINT WARNING * * *
You feel very sick. The scorpion closely misses you.
A ball python comes into view.
The endoplasm hits you but does no damage.
It was a potion of brilliance.
You feel clever all of a sudden.
* * * LOW HITPOINT WARNING * * *
You feel very sick. The scorpion closely misses you.
The endoplasm barely misses you.
It was a potion of attraction.
You feel attractive to monsters.
You die...

....#..# #.#
....##.# #.# . #.#
#.# #.#.# #.#
........ ##.#.#
#.#
...............#
#.#
......#s....#.)##
#.#
....J##.....#...#
#.#
....@#8.8.8##.#.#
#)#
...#)s.⌠.⌠......#
#)# .S
###8.∩.8##...###.#
. #.⌠.⌠.......##.#
#8.8.8###.#.##.#
####.####...##.#
#.. ........#
#########..####
#.....# #.>#


You could see a scorpion, an endoplasm and a ball python (wandering).

Vanquished Creatures
  4 gnolls (D:4)
  2 worms
  2 orcs
  3 bats
  7 endoplasms
  6 hobgoblins
  6 jackals
  5 quokkas
  5 ball pythons
  4 frilled lizards
  2 goblins
  4 kobolds
  6 rats
56 creatures vanquished.

Notes
Turn   | Place    | Note
-------+----------+-------------------------------------------
     0 | D:1      | mandarbmax the Kobold Brigand began the quest for the Orb.
     0 | D:1      | Reached XP level 1. HP: 12/12 MP: 1/1
    32 | D:1      | Reached skill level 3 in Short Blades
   141 | D:1      | Reached XP level 2. HP: 17/17 MP: 2/2
   243 | D:1      | Reached skill level 4 in Short Blades
   922 | D:1      | Reached XP level 3. HP: 21/21 MP: 3/3
   978 | D:1      | Found a faded altar of an unknown god.
  1208 | D:2      | Upgraded the game from 0.28-a0-723-g095bd1b44f to
                  | 0.28-a0-724-g66f9036eb4
  1925 | D:3      | Reached skill level 5 in Short Blades
  2230 | D:3      | Reached XP level 4. HP: 26/26 MP: 4/4
  2944 | D:3      | Found a glowing silver altar of Zin.
  3503 | D:4      | Reached skill level 6 in Short Blades
  3931 | D:4      | Reached XP level 5. HP: 5/31 MP: 5/5
  4271 | D:4      | Found Fiqigh's Antique Armour Shop.
  4276 | D:4      | Bought an embroidered robe for 92 gold pieces
  4310 | D:4      | HP: 1/31 [poisoned by a scorpion]
  4311 | D:4      | Succumbed to a scorpion's poison

Illustrated notes

Levels and vault maps discovered:
D:1:      dpeg_arrival_pond, layout_basic, dilly_ecumenical_altar_fadedgnrine
D:2:      layout_basic
D:3:      layout_basic, zin_scriptorium, serial_rivers,
          chequers_serial_rivers_large_a, chequers_serial_rivers_micro_b,
          chequers_serial_rivers_small_a, chequers_serial_rivers_micro_d,
          nicolae_underground_beach
D:4:      layout_basic, serial_shops,
          nicolae_shop_temple_entry_statues_fountains, shop

Skill      XL: |  1  2  3  4 |
---------------+-------------+-----
Short Blades   | 3 4 5 6 |  6.0
Fighting       | |  2.5
Throwing       | |  2.1
Dodging        | |  1.9
Stealth        | |  5.3

Action                   |  1- 3 |  4- 6 || total
-------------------------+-------+-------++-------
Melee: Dagger            |   101 |    67 ||   168
Throw: Dart              |     7 |    11 ||    18
  Use: Potion            |       |     3 ||     3
 Stab: Sleeping          |    23 |     7 ||    30
Armor: Robe              |    13 |    13 ||    26
Dodge: Dodged            |    38 |    44 ||    82

Table legend: (Time is in decaauts)
 A = Elapsed time spent in this place.
 B = Non-inter-level travel time spent in this place.
 C = Inter-level travel time spent in this place.
 D = Time resting spent in this place.
 E = Time spent auto-exploring this place.
 F = Levels seen in this place.
 G = Mean time per level.
                   A        B        C        D        E       F      G
               +--------+--------+--------+--------+--------+-----+--------+
         Total |   4288 |   4193 |     95 |    939 |   2747 |   4 | 1072.0 |
       Dungeon |   4288 |   4193 |     95 |    939 |   2747 |   4 | 1072.0 |
               +--------+--------+--------+--------+--------+-----+--------+

Top non-repeatable levels by time:
     D:3: 1800 daAuts
     D:1: 1197 daAuts
     D:2: 768 daAuts
     D:4: 522 daAuts
